 Dungeon Crawl Stone Soup version 0.31-a0-846-gb3bcc0d938 (webtiles) character file.

Game seed: 8976519480777640010

110114 EnegeticOcto the Scratcher (level 15, -6/59 HPs)
             Began as a Felid Conjurer on Oct 4, 2023.
             Was the Champion of Hepliaklqana.
             Killed from afar by an acid blob (33 damage)
             ... with a splash of acid
             ... created by the Royal Jelly
             ... on level 5 of the Pits of Slime.
             The game lasted 01:32:15 (35985 turns).

EnegeticOcto the Scratcher (Felid Conjurer)        Turns: 35985, Time: 01:32:16

Health: -6/59      AC:  3    Str:  3    XL:     15   Next: 71%
Magic:  18/27      EV: 42    Int: 23    God:    Hepliaklqana [******]
Gold:   303        SH:  0    Dex: 31    Spells: 12/29 levels left
                                        Lives:  0   Deaths: 4

rFire   . .          .
                       - Unarmed
rCold   + . .        (shield unavailable)
rNeg    . . .        (body armour unavailable)
rPois   .            (helmet unavailable)
rElec   .            (cloak unavailable)
rCorr   .            (gloves unavailable)
SInv    +            (boots unavailable)
Will    +....        O - amulet of the acrobat
Stlth   +++++        b - +6 ring of dexterity
HPRegen 0.29/turn    K - +6 ring of dexterity
MPRegen 0.20/turn

%: acrobat
@: weak-willed, acrobatic, hasted, very quick
A: reduced essence, very small, claws 1, fangs 3, see invisible, speed 1, shaggy
fur 3, stealthy paws, no weapons or thrown items, no armour, multi-lived
}: 1/15 runes: serpentine
a: Renounce Religion, Recall Ancestor, Ancestor Identity, Transference, Idealise


You were on level 5 of the Pits of Slime.
You worshipped Hepliaklqana.
Hepliaklqana was exalted by your worship.
You visited 7 branches of the dungeon, and saw 33 of its levels.

You collected 1374 gold pieces.
You spent 1071 gold pieces at shops.

Inventory:

Jewellery
 b - a +6 ring of dexterity (left paw)
   (You found it on level 4 of the Dungeon)
 c - a ring of poison resistance
   (You found it on level 1 of the Dungeon)
 g - a ring of protection from fire
   (You found it on level 1 of the Dungeon)
 x - a ring of wizardry
   (You found it on level 5 of the Dungeon)
 K - a +6 ring of dexterity (right paw)
   (You found it on level 2 of the Lair of Beasts)
 M - a ring of magical power
   (You found it on level 3 of the Lair of Beasts)
 N - an amulet of guardian spirit
   (You bought it in a shop on level 2 of the Orcish Mines)
 O - an amulet of the acrobat (around neck)
   (You found it on level 4 of the Lair of Beasts)
Wands
 s - a wand of paralysis (25)
   (You took it off Ijyb on level 3 of the Dungeon)
 u - a wand of digging (16) {@v3}
   (You found it on level 5 of the Dungeon)
 A - a wand of polymorph (18)
   (You found it on level 6 of the Dungeon)
 E - a wand of quicksilver (4) {@v1}
   (You found it on level 9 of the Dungeon)
 G - a wand of mindburst (5)
   (You took it off a kobold on level 10 of the Dungeon)
 P - a wand of roots (4) {@v2}
   (You found it on level 5 of the Lair of Beasts)
Scrolls
 d - 4 scrolls of amnesia
 e - 2 scrolls of fog {!r}
 f - 2 scrolls of immolation
 j - 4 scrolls of poison
 k - 4 scrolls of torment
 l - 4 scrolls of vulnerability
 p - 5 scrolls of teleportation {@r3 !r}
 v - 3 scrolls of noise
 y - 2 scrolls of fear {!r}
 B - a scroll of acquirement {unknown}
 C - 3 scrolls of blinking {@r4}
Potions
 a - 3 potions of magic
 h - 3 potions of heal wounds {@q2 !q}
 i - 9 potions of curing {@q1 !q}
 n - a potion of brilliance
 o - 5 potions of enlightenment {unknown}
 q - 6 potions of might {@q3 !q}
 r - a potion of attraction
 t - a potion of berserk rage
 w - 2 potions of cancellation
 z - 3 potions of lignification {@q6}
 D - 2 potions of haste {@q4 !q}
 H - 2 potions of ambrosia {unknown}
 J - 3 potions of invisibility
 L - 4 potions of resistance
Miscellaneous
 F - a phial of floods
   (You found it on level 9 of the Dungeon)
 I - a lightning rod (4/4)
   (You found it on level 1 of the Lair of Beasts)


   Skills:
 - Level 7.9 Fighting
 - Level 7.9 Dodging
 - Level 7.9 Stealth
 - Level 7.9 Unarmed Combat
 - Level 7.9 Spellcasting
 - Level 7.9 Conjurations
 - Level 7.9 Hexes
 + Level 5.5 Summonings
 - Level 7.9 Translocations
 - Level 7.9 Transmutations
 - Level 7.9 Air Magic
 - Level 7.9 Earth Magic
 - Level 7.9 Poison Magic
 - Level 7.9 Invocations
 - Level 7.9 Evocations
 - Level 7.9 Shapeshifting


You had 12 spell levels left.
You knew the following spells:

 Your Spells              Type           Power      Damage    Failure   Level
a - Magic Dart            Conj           100%       1d8       1%          1
b - Searing Ray           Conj           90%        2d7       1%          2
c - Fulminant Prism       Conj/Hex       22%        3d12      2%          4
d - Iskenderun's Mystic   Conj/Tloc      45%        2d10      2%          4
e - Teleport Other        Tloc           45%        N/A       1%          3
f - Confusing Touch       Hex            45%        N/A       1%          3

Your spell library contained the following spells:

 Spells                   Type           Power      Damage    Failure   Level
 Kiss of Death            Conj/Necr      100%       2d13      1%          1
 Shock                    Conj/Air       100%       1d9       1%          1
 Cigotuvi's Dreadful Rot  Necr/Pois/Air  66%        N/A       1%          2
 Lesser Beckoning         Tloc           90%        N/A       1%          2
 Dazzling Flash           Conj/Hex       90%        N/A       1%          3
 Gell's Gravitas          Tloc           45%        N/A       1%          3
 Swiftness                Air            45%        N/A       1%          3
 Airstrike                Air            22%        2d(4-20)  2%          4
 Vhi's Electric Charge    Tloc/Air       90%        N/A       2%          4
 Hailstorm                Conj/Ice       27%        3d7       4%          3
 Arcjolt                  Conj/Air       22%        1d32      8%          5
 Iskenderun's Battlesphe  Conj           45%        2d10      8%          5
 Scorch                   Fire           18%        2d5       11%         2
 Flame Wave               Conj/Fire      27%        2d9       14%         4
 Ozocubu's Armour         Ice            9%         N/A       22%         3
 Metabolic Englaciation   Hex/Ice        13%        N/A       36%         5
 Bombard                  Conj/Erth      22%        9d4       38%         6
 Animate Dead             Necr           9%         N/A       56%         4
 Dispel Undead            Necr           9%         3d8       56%         4
 Summon Cactus Giant      Summ           17%        N/A       73%         6
 Plasma Beam              Fire/Air       13%        2x1d24    91%         6
 Spellforged Servitor     Conj/Summ      20%        N/A       98%         7
 Death Channel            Necr           4%         N/A       100%        6
 Simulacrum               Ice/Necr       4%         N/A       100%        6


Dungeon Overview and Level Annotations

Branches:
Dungeon (15/15) Zot: 25372  Temple (1/1) D:6 Zot: 5957    Lair (5/5) D:10 Zot: 21578
  Swamp (1/4) Lair:3 Zot: 5988   Snake (4/4) Lair:3 Zot: 26735   Slime (5/5) Lair:5 Zot: 26252
    Orc (2/2) D:11 Zot: 15076     Elf (0/3) Orc:2        Depths (0/4) D:15
 Vaults: D:13-14

Altars:
Ashenzari
Cheibriados
Dithmenos
Elyvilon
Fedhas
Gozag
Hepliaklqana
Kikubaaqudgha
Makhleb
Nemelex Xobeh
Okawaru
Qazlal
Ru
Sif Muna
Trog
Uskayaw
Vehumet
Wu Jian
Xom
Yredelemnul
Zin
The Shining One
Jiyva

Shops:
D:3 =   D:11 *   Orc:2 :(!=   Snake:3 *

Portals:
Abyss: Lair:4
Trove: D:11 (show slimy rune of Zot)

Annotations:
D:3 Sigmund
D:13 exclusions: deep elf pyromancer and 2 more exclusions
D:14 exclusions: centaur and centaur warrior
D:15 exclusions: deep elf pyromancer, efreet and wizard, Roxanne
Lair:3 2 transporters, exclusions: downstairs and oklob plant, Talonman3's ghost, journeyman DrCj
Lair:4 2 transporters, exclusions: basilisk, blink frog, downstairs and dream sheep, Jano's ghost, journeyman DjSu
Snake:1 exclusion: mana viper
Snake:3 exclusions: guardian serpent and naga warrior
Slime:5 Royal Jelly


Innate Abilities, Weirdness & Mutations

Your life essence is reduced to manifest your ancestor. (-10% HP)
You have sharp claws.
You have razor-sharp teeth.
You have supernaturally acute eyesight. (SInv)
You cover ground quickly. (Speed+)
Your thick and shaggy fur keeps you warm. (AC +3, rC+)
Your paws help you pounce on unaware monsters.
You are incapable of wielding weapons or throwing items.
You cannot wear armour.
You gain extra lives every three experience levels.


Message History

Casting: Iskenderun's Mystic Blast (dangerous; 2% risk of failure)
Press: ? - help, Q - select action, (/) - cycle Dir - look around, f - activate You erupt in a blast of force!
The mystic blast hits the azure jelly!
The azure jelly is almost dead.
The azure jelly is knocked back by the mystic blast.
Casting: Iskenderun's Mystic Blast (dangerous; 2% risk of failure)
Press: ? - help, Q - select action, (/) - cycle Dir - look around, f - activate You erupt in a blast of force!
The mystic blast hits the azure jelly.
The azure jelly is almost dead.
The azure jelly is knocked back by the mystic blast.
Casting: Iskenderun's Mystic Blast (dangerous; 2% risk of failure)
Press: ? - help, Q - select action, (/) - cycle Dir - look around, f - activate You erupt in a blast of force!
The mystic blast hits the azure jelly!
The azure jelly is almost dead.
The azure jelly is knocked back by the mystic blast.
Casting: Iskenderun's Mystic Blast (dangerous; 2% risk of failure)
Press: ? - help, Q - select action, (/) - cycle Dir - look around, f - activate You erupt in a blast of force!
The mystic blast hits the azure jelly!
You kill the azure jelly!
You climb upwards.
There is a stone staircase leading down here.
You start resting.
Scratcher emerges from the mists of memory!
You start resting.
Magic restored.
You climb downwards.
There is a stone staircase leading up here.
You start waiting.
Done waiting.
Found a glittering brass ring.
An azure jelly comes into view.
Found a twisted bone ring.
Found a viscous altar of Jiyva.
Okay, then.
Unknown command.
Press: ? - help, v - describe, . - travel
Here: an azure jelly (asleep, fire blocked by a translucent stone wall)
The floor.
Unknown command.
Really quaff
D - 3 potions of haste {@q4 !q}?
You feel yourself speed up.
A great orb of eyes, Royal Jelly, an eye of devastation and 3 jellies come into view.
Found four items.
Found fourteen items.
The azure jelly quivers.
An azure jelly comes into view.
You have identified the last wand.
Found eleven items.
The azure jelly quivers.
What are your orders? t - Meow!
Orders for allies: a - Attack new target. r - Retreat! s - Stop attacking. g - Guard the area. f - Follow me.
Anything else - Cancel.
You meow for attention!
The Royal Jelly quivers.
The great orb of eyes turns its gaze towards you.
The eye of devastation turns its gaze towards you.
The slime creature quivers.
An acid blob comes into view.
Hepliaklqana grants Scratcher healing and protection!
A great orb of eyes comes into view.
Really read the scroll of vulnerability?
As you read the scroll of vulnerability, it crumbles to dust.
Magic quickly surges around you.
Aiming: Paralyse
Press: ? - help, Shift-Dir - straight line, f - Royal Jelly
Aim: the Royal Jelly (weak-willed, ally target, chance to affect: 13%)
Okay, then.
The Royal Jelly attacks as it pursues you!
The Royal Jelly closely misses you. The Royal Jelly completely misses you.
Scratcher hits the Royal Jelly with a +0 quarterstaff!!!
Scratcher is burned by acid!
The Royal Jelly shudders violently.
The Royal Jelly spits out four more jellies.
Select a target.
Press: ? - help, Dir - move target, f - rockslime
Aim: a rockslime The floor.
The rockslime swaps with Scratcher!
The rockslime is drained by nostalgia.
The Royal Jelly hits you!!
You are splashed with acid!
The Royal Jelly completely misses you.
Scratcher gestures at the Royal Jelly while chanting.
The bolt of magma hits the Royal Jelly!!
The Royal Jelly shudders vigorously.
The Royal Jelly spits out two more jellies.
You swap places.
The rockslime closely misses you. The rockslime misses you.
The rockslime closely misses something.
The rockslime hits Scratcher!!
Scratcher holds their ground!
Scratcher points at the rockslime and mumbles some strange words.
The bolt of magma hits the rockslime!!
The rockslime partially resists.
An acid blob comes into view.
Something hits Scratcher!!
Scratcher holds their ground!
Scratcher is not nearby!
Scratcher is recalled.
Hepliaklqana grants Scratcher healing and protection!
Scratcher is healed somewhat.
The acid blob spits acid at you. The splash of acid hits you!!
Ouch! That really hurt!
You die...

#...................
#...................
###..................
##...................#
#.....................
#................J...#
#.....................
###......RJ............
#.#..<@....JJ..........
##.....................
#......................
##....................#
#....................#
##....................
##...................
##..................
#..................


You could see the friendly Scratcher the battlemage (weak-willed, idealised), an
acid blob and 2 rockslimes.

Vanquished Creatures
  An acid blob (Slime:5)
  Agnes (Snake:4)
  Aizul (Snake:4)
  An azure jelly (Slime:5)
  A nagaraja (Snake:4)
  A rockslime (Slime:2)
  A formless jellyfish (Slime:2)
  Snorg (D:10)
  A salamander tyrant (Snake:4)
  A great orb of eyes (Slime:5)
  4 hydras
  2 ogre magi (Orc:2)
  A catoblepas (D:13)
  Erolcha (D:10)
  4 naga warriors (Snake:4)
  7 two-headed ogres
  A tengu warrior (D:15)
  Urug (Lair:3)
  A boulder beetle (D:11)
  3 naga sharpshooters (Snake:4)
  A shock serpent (Snake:4)
  An orc high priest (Orc:1)
  2 skysharks (Lair:5)
  A salamander mystic (Snake:4)
  A goliath frog (Lair:5)
  3 bog bodies (Lair:3)
  A harpy (D:13)
  A necromancer (D:15)
  2 wizards (D:15)
  A deep elf pyromancer (D:15)
  2 orc sorcerers
  2 cyclopes
  3 elephants (Lair:3)
  2 salamanders (Snake:4)
  9 black mambas
  2 guardian serpents (Snake:4)
  A naga mage (Snake:4)
  6 cane toads
  The ghost of ouz the Insei, a novice OpFi (D:4)
  A centaur skeleton (D:15)
  5 komodo dragons
  A rime drake (Lair:3)
  3 tengu conjurers
  5 trolls
  A tyrant leech (Lair:5)
  2 hornets (D:8)
  12 blink frogs
  A centaur simulacrum (D:15)
  2 slime creatures
  A wyvern (Lair:1)
  26 yaks
  A steam dragon (D:9)
  2 vampire mosquitoes
  2 wargs
  A swamp worm (Lair:3)
  4 nagas
  7 water moccasins
  3 orc warriors
  A sky beast (D:7)
  2 ice beasts
  9 ogres (Orc:2)
  12 wolves
  8 centaurs
  A kobold brigand (D:8)
  A phantom (D:5)
  10 bullfrogs
  4 scorpions
  6 wights
  9 killer bees (D:9)
  2 electric eels
  2 howler monkeys
  A hound (D:5)
  2 jellies
  6 orc priests
  3 iron imps (D:3)
  3 sleepcaps
  Ijyb (D:3)
  5 iguanas
  12 orc wizards
  Robin (D:2)
  10 adders
  2 river rats (D:4)
  2 shadow imps
  A white imp (D:5)
  An ufetubus (D:4)
  3 worms
  5 dart slugs
  39 orcs
  4 ball pythons
  4 endoplasms
  7 giant cockroaches
  18 goblins
  14 hobgoblins
  5 quokkas
  4 bats
  3 frilled lizards
  15 kobolds
  3 rats
  A fulminant prism (Snake:4)
399 creatures vanquished.

Vanquished Creatures (collateral kills)
  2 acid blobs
  A nagaraja (Snake:4)
  A hydra (Lair:4)
  An anaconda (Snake:2)
  2 centaur warriors
  5 two-headed ogres (Orc:2)
  A naga warrior (Snake:4)
  A salamander mystic (Snake:4)
  2 deep trolls (Orc:2)
  2 bog bodies (Lair:3)
  A deep elf pyromancer (D:13)
  An orc sorcerer (Orc:1)
  2 salamanders
  2 elephants (Lair:3)
  2 cyclopes
  A black mamba (Snake:2)
  A centaur zombie (D:15)
  A naga mage (Snake:4)
  A gargoyle (D:12)
  14 cane toads
  An unseen horror (D:11)
  2 rime drakes
  5 komodo dragons
  2 polar bears
  A tyrant leech (Lair:5)
  7 trolls
  15 blink frogs
  A hornet (Lair:2)
  9 slime creatures
  2 shadows (D:12)
  A vampire (D:12)
  11 yaks
  A wraith (D:12)
  5 wyverns
  6 basilisks
  7 vampire mosquitoes
  2 wargs
  5 nagas
  7 water moccasins
  11 orc warriors
  2 black bears
  10 ogres (Orc:2)
  12 wolves
  11 bullfrogs
  A wight (D:8)
  A hornet simulacrum (D:15)
  2 killer bees (D:9)
  2 howler monkeys
  2 electric eels (Lair:1)
  4 orc priests (Orc:2)
  7 orc wizards
  4 iguanas (Lair:1)
  A river rat (Lair:4)
  21 orcs
  A goblin (D:11)
  A kobold (D:10)
227 creatures vanquished.

Vanquished Creatures (others)
  A swamp drake (D:10)
  A kobold brigand (D:10)
  2 ancestors (D:8)
  43 battlemagi
  122 fulminant prisms
169 creatures vanquished.

Grand Total: 795 creatures vanquished

Notes
Turn   | Place    | Note
-------+----------+-------------------------------------------
     0 | D:1      | EnegeticOcto the Felid Conjurer began the quest for the
                  | Orb.
     0 | D:1      | Reached XP level 1. HP: 7/7 MP: 4/4
   196 | D:1      | Reached skill level 3 in Stealth
   316 | D:1      | Reached XP level 2. HP: 11/11 MP: 1/6
   583 | D:1      | Found a faded altar of an unknown god.
   613 | D:1      | Learned a level 2 spell: Searing Ray
  1569 | D:1      | Reached XP level 3. HP: 14/14 MP: 0/7
  1800 | D:2      | Reached skill level 4 in Conjurations
  1854 | D:2      | Reached skill level 4 in Stealth
  1927 | D:2      | Found a sparkling altar of Nemelex Xobeh.
  2255 | D:2      | Reached XP level 4. HP: 18/18 MP: 5/9
  2264 | D:2      | Learned a level 4 spell: Fulminant Prism
  2332 | D:2      | Reached skill level 3 in Spellcasting
  2754 | D:3      | Noticed Robin
  2814 | D:2      | Killed Robin
  2934 | D:3      | Reached skill level 1 in Hexes
  3229 | D:3      | Identified the +0 leather armour "Ynit" {+Blink rC+ Int+3
                  | SInv}
  3306 | D:3      | Noticed Ijyb
  3368 | D:3      | Paralysed by Ijyb for 4 turns
  3385 | D:3      | Paralysed by Ijyb for 3 turns
  3393 | D:3      | Paralysed by Ijyb for 5 turns
  3444 | D:3      | Killed Ijyb
  3445 | D:3      | Reached XP level 5. HP: 21/21 MP: 1/10
  3631 | D:3      | Reached skill level 2 in Hexes
  3694 | D:3      | Found a burning altar of Makhleb.
  3802 | D:3      | Reached skill level 3 in Hexes
  4054 | D:3      | Found Ituummid's Jewellery Shoppe.
  4072 | D:3      | Found an ancient bone altar of Kikubaaqudgha.
  4113 | D:3      | Found an ornate altar of the Wu Jian Council.
  4114 | D:3      | Found a stormy altar of Qazlal.
  4114 | D:3      | Found a glowing silver altar of Zin.
  4115 | D:3      | Found a shimmering altar of Xom.
  4115 | D:3      | Noticed Sigmund
  5117 | D:4      | Found a shadowy altar of Dithmenos.
  5145 | D:4      | Reached skill level 4 in Hexes
  5145 | D:4      | Gained mutation: You are covered in thick fur. (AC +2)
                  | [Felid growth]
  5145 | D:4      | Reached XP level 6. HP: 24/24 MP: 2/12
  5745 | D:4      | Reached skill level 4 in Spellcasting
  5745 | D:4      | Reached skill level 5 in Conjurations
  5745 | D:4      | Reached skill level 5 in Hexes
  5924 | D:4      | Found a runed translucent door.
  5929 | D:4      | Noticed ouz's ghost (novice OpFi)
  6065 | D:4      | Found a runed translucent door.
  6191 | D:4      | Reached XP level 7. HP: 27/27 MP: 8/14
  6594 | D:4      | Reached skill level 6 in Hexes
  6632 | D:4      | Killed ouz's ghost
  6633 | D:4      | Reached skill level 7 in Hexes
  6776 | D:5      | Entered Level 5 of the Dungeon
  7020 | D:5      | Found the +7 Throatcutter {drain, coup de grace}
  7291 | D:5      | Reached skill level 5 in Spellcasting
  7291 | D:5      | Reached XP level 8. HP: 31/31 MP: 8/16
  7354 | D:5      | Reached skill level 6 in Conjurations
  7837 | D:5      | Reached skill level 6 in Spellcasting
  7837 | D:5      | Reached skill level 7 in Conjurations
  8057 | D:5      | Learned a level 4 spell: Iskenderun's Mystic Blast
  8282 | D:6      | Reached skill level 1 in Translocations
  8282 | D:6      | Reached XP level 9. HP: 30/34 MP: 13/20
  8425 | D:6      | Reached skill level 3 in Dodging
  8487 | D:6      | Found a staircase to the Ecumenical Temple.
  8509 | Temple   | Entered the Ecumenical Temple
  8537 | Temple   | Became a worshipper of Hepliaklqana the Forgotten
  8894 | D:6      | Reached skill level 1 in Fighting
  8894 | D:6      | Reached skill level 1 in Evocations
  9052 | D:6      | Reached skill level 2 in Translocations
  9449 | D:7      | Identified the +1 robe of Mallikk {Int+5 SInv}
  9498 | D:7      | Found a blossoming altar of Fedhas.
  9638 | D:7      | Reached * piety under Hepliaklqana
  9680 | D:7      | Reached skill level 5 in Stealth
  9680 | D:7      | Reached skill level 7 in Spellcasting
  9680 | D:7      | Reached skill level 2 in Evocations
  9682 | D:7      | Reached skill level 4 in Dodging
  9850 | D:7      | Reached skill level 2 in Fighting
  9850 | D:7      | Reached skill level 3 in Translocations
 10313 | D:8      | Reached skill level 4 in Translocations
 10313 | D:8      | Reached skill level 3 in Evocations
 10477 | D:8      | Reached skill level 6 in Stealth
 10500 | D:8      | Reached ** piety under Hepliaklqana
 10501 | D:8      | Remembered your ancestor Scratcher as a battlemage
 10507 | D:8      | Reached skill level 5 in Dodging
 10513 | D:8      | Reached skill level 3 in Fighting
 10651 | D:8      | Reached XP level 10. HP: 29/37 MP: 10/22
 11428 | D:9      | Reached skill level 5 in Translocations
 11475 | D:9      | Reached skill level 7 in Stealth
 11475 | D:9      | Reached skill level 4 in Evocations
 11484 | D:9      | Reached skill level 6 in Dodging
 11737 | D:9      | Reached skill level 4 in Fighting
 12116 | D:9      | Reached skill level 6 in Translocations
 12394 | D:10     | Entered Level 10 of the Dungeon
 12416 | D:10     | Noticed Snorg
 12756 | D:10     | Found a glowing golden altar of the Shining One.
 12756 | D:10     | Found a white marble altar of Elyvilon.
 12812 | D:10     | Reached *** piety under Hepliaklqana
 12966 | D:10     | Found a bloodstained altar of Trog.
 13010 | D:10     | Reached skill level 7 in Dodging
 13010 | D:10     | Reached skill level 5 in Evocations
 13105 | D:10     | Noticed a centaur warrior
 13116 | D:10     | Killed a centaur warrior
 13117 | D:10     | Reached skill level 7 in Translocations
 13205 | D:10     | Reached skill level 5 in Fighting
 13373 | D:10     | Noticed a two-headed ogre
 13383 | D:10     | Killed a two-headed ogre
 13384 | D:10     | Reached XP level 11. HP: 42/42 MP: 14/23
 13675 | D:10     | Reached skill level 6 in Evocations
 13894 | D:10     | Noticed Erolcha
 13902 | D:10     | Killed Erolcha
 13903 | D:10     | Reached skill level 6 in Fighting
 14020 | D:10     | Found a staircase to the Lair.
 14264 | D:10     | Killed Snorg
 14265 | D:10     | Reached skill level 7 in Evocations
 14472 | Lair:1   | Entered Level 1 of the Lair of Beasts
 14481 | Lair:1   | Reached skill level 1 in Unarmed Combat
 14559 | Lair:1   | Reached skill level 7 in Fighting
 14593 | Lair:1   | Reached skill level 2 in Unarmed Combat
 14786 | Lair:1   | Reached skill level 3 in Unarmed Combat
 15069 | Lair:1   | Reached skill level 4 in Unarmed Combat
 15104 | Lair:1   | Reached skill level 5 in Unarmed Combat
 15874 | Lair:1   | Gained mutation: Your thick and shaggy fur keeps you warm.
                  | (AC +3, rC+) [Felid growth]
 15874 | Lair:1   | Reached XP level 12. HP: 49/49 MP: 20/24
 15904 | Lair:1   | Found a glowing silver altar of Zin.
 15914 | Lair:1   | Reached skill level 6 in Unarmed Combat
 16647 | Lair:2   | Reached skill level 7 in Unarmed Combat
 16708 | Lair:2   | Noticed a five-headed hydra
 16914 | Lair:2   | Killed a five-headed hydra
 17086 | Lair:2   | Reached **** piety under Hepliaklqana
 17144 | Lair:2   | Reached skill level 1 in Invocations
 17322 | Lair:2   | Reached skill level 2 in Invocations
 17505 | Lair:2   | Reached skill level 3 in Invocations
 17864 | Lair:2   | Reached skill level 4 in Invocations
 18206 | Lair:3   | Found a staircase to the Snake Pit.
 18284 | Lair:3   | Reached skill level 5 in Invocations
 18394 | Lair:3   | Got a quavering book
 18425 | Lair:3   | Reached skill level 6 in Invocations
 18565 | Lair:3   | Reached ***** piety under Hepliaklqana
 18683 | Lair:3   | Reached skill level 7 in Invocations
 18775 | Lair:3   | Noticed Urug
 18784 | Lair:3   | Killed Urug
 18879 | Lair:3   | Found a transporter.
 18885 | Lair:3   | Found a bloodstained altar of Trog.
 18894 | Lair:3   | Found a transporter.
 19040 | Lair:3   | Reached skill level 1 in Transmutations
 19040 | Lair:3   | Reached skill level 1 in Shapeshifting
 19044 | Lair:3   | Reached skill level 1 in Poison Magic
 19139 | Lair:3   | Reached skill level 2 in Transmutations
 19140 | Lair:3   | Reached skill level 2 in Shapeshifting
 19140 | Lair:3   | Reached XP level 13. HP: 52/52 MP: 7/25
 19152 | Lair:3   | Reached skill level 2 in Poison Magic
 19321 | Lair:3   | Reached skill level 3 in Transmutations
 19495 | Lair:3   | Found a staircase to the Swamp.
 19500 | Lair:3   | Reached skill level 3 in Shapeshifting
 19544 | Lair:3   | Noticed Talonman3's ghost (journeyman DrCj)
 19709 | Lair:3   | Reached skill level 3 in Poison Magic
 20055 | Lair:4   | Reached skill level 4 in Transmutations
 20107 | Lair:5   | Entered Level 5 of the Lair of Beasts
 20129 | Lair:4   | Found a broken altar of Ashenzari.
 20390 | Lair:4   | Reached skill level 4 in Shapeshifting
 20695 | Lair:4   | Learned a level 3 spell: Teleport Other
 20755 | Lair:4   | Found a one-way gate to the infinite horrors of the Abyss.
 20755 | Lair:4   | Noticed Jano's ghost (journeyman DjSu)
 20939 | Lair:4   | Found a transporter.
 20992 | Lair:4   | Found a transporter.
 21024 | Lair:4   | Reached skill level 4 in Poison Magic
 21256 | D:11     | HP: 2/52 [orc priest/divine providence (13)]
 21452 | D:11     | Reached skill level 5 in Transmutations
 21825 | D:11     | Found a staircase to the Orcish Mines.
 21931 | Orc:1    | Entered Level 1 of the Orcish Mines
 21996 | Orc:2    | Entered Level 2 of the Orcish Mines
 22494 | Orc:1    | Reached skill level 5 in Shapeshifting
 23023 | Orc:2    | Found a staircase to the Elven Halls.
 23482 | Orc:2    | Reached skill level 6 in Transmutations
 23540 | Orc:2    | Reached skill level 5 in Poison Magic
 24012 | Orc:2    | Reached skill level 6 in Shapeshifting
 24027 | Orc:2    | Paralysed by an ogre mage for 5 turns
 24146 | Orc:2    | Mangled by an ogre
 24168 | Orc:2    | Reached skill level 7 in Transmutations
 24338 | Orc:2    | Reached skill level 6 in Poison Magic
 24346 | Orc:2    | Reached XP level 14. HP: 55/55 MP: 2/26
 24595 | Orc:2    | Found Jugoful's Distillery.
 24595 | Orc:2    | Found Celimun's Book Shop.
 24738 | Orc:2    | Reached skill level 7 in Shapeshifting
 24794 | Orc:2    | Found Xaaxy's Jewellery Emporium.
 24799 | Orc:2    | Found Upygi's Weapon Boutique.
 24802 | Orc:2    | Bought an amulet of guardian spirit for 510 gold pieces
 24861 | Orc:2    | Bought a potion of heal wounds for 65 gold pieces
 24861 | Orc:2    | Bought a potion of haste for 130 gold pieces
 24861 | Orc:2    | Bought a potion of curing for 39 gold pieces
 24861 | Orc:2    | Bought a potion of curing for 39 gold pieces
 24861 | Orc:2    | Bought a potion of resistance for 130 gold pieces
 25083 | D:11     | Identified the +0 leather armour "Ilagidu" {rC- rCorr Int+3
                  | Dex+4}
 25424 | D:11     | Found Zin's Purification Station.
 25428 | D:11     | Found a glowing silver altar of Zin.
 25513 | D:11     | Found a portal to a secret trove of treasure.
 26102 | D:11     | Reached skill level 7 in Poison Magic
 26613 | D:12     | Found a shimmering altar of Xom.
 26680 | D:12     | Reached ****** piety under Hepliaklqana
 27019 | D:12     | Learned a level 3 spell: Confusing Touch
 27032 | D:13     | Noticed Sonja
 27033 | D:13     | Sonja changed into Sonja the harpy
 27033 | D:13     | Noticed Sonja
 27038 | D:13     | Killed Sonja the harpy
 27166 | D:12     | Reached skill level 1 in Air Magic
 27633 | D:15     | Entered Level 15 of the Dungeon
 28031 | D:13     | Reached skill level 2 in Air Magic
 28351 | Swamp:1  | Entered Level 1 of the Swamp
 28619 | Snake:1  | Entered Level 1 of the Snake Pit
 28803 | Snake:3  | Found Rux Hinn's Assorted Antiques.
 28806 | Snake:3  | Bought a grey potion for 27 gold pieces
 28806 | Snake:3  | Bought a grey potion for 27 gold pieces
 28813 | Snake:3  | Reached skill level 3 in Air Magic
 28870 | Snake:4  | Entered Level 4 of the Snake Pit
 28887 | Snake:4  | Noticed Aizul
 28892 | Snake:4  | Reached skill level 4 in Air Magic
 28898 | Snake:4  | Killed Aizul
 28899 | Snake:4  | Reached skill level 5 in Air Magic
 29131 | Snake:4  | Reached skill level 6 in Air Magic
 29778 | Snake:4  | Reached skill level 7 in Air Magic
 30365 | Snake:4  | Noticed Agnes
 30480 | Snake:4  | HP: 2/55 [Agnes/+0 lajatang (8)]
 30481 | Snake:4  | Killed Agnes
 30484 | Snake:4  | Noticed a nagaraja
 30488 | Snake:4  | Killed from afar by a nagaraja
 30508 | Snake:4  | Reached skill level 1 in Earth Magic
 30674 | Snake:4  | Killed a nagaraja
 30675 | Snake:4  | Reached skill level 2 in Earth Magic
 30675 | Snake:4  | Reached XP level 15. HP: 37/59 MP: 24/27
 30870 | Snake:4  | Noticed a nagaraja
 30887 | Snake:4  | Killed a nagaraja
 30888 | Snake:4  | Succumbed to a nagaraja's bolt of poison
 31183 | Snake:4  | Got a serpentine rune of Zot
 31183 | Snake:4  | Shot with an arrow by a naga sharpshooter
 31359 | Snake:2  | Reached skill level 3 in Earth Magic
 32083 | D:15     | Identified the +0 trident of Ruano {heavy, Int+3}
 32107 | D:15     | Reached skill level 4 in Earth Magic
 32192 | D:15     | Noticed Roxanne
 32257 | D:15     | Found a staircase to the Depths.
 32269 | D:15     | Reached skill level 5 in Earth Magic
 32749 | Orc:2    | Bought a potion of invisibility for 104 gold pieces
 33507 | Lair:5   | Reached skill level 6 in Earth Magic
 34446 | Lair:5   | Reached skill level 7 in Earth Magic
 34669 | Lair:5   | Found a staircase to the Slime Pits.
 34669 | Lair:5   | Found a viscous altar of Jiyva.
 34961 | Slime:1  | Entered Level 1 of the Pits of Slime
 34967 | Slime:2  | Noticed a rockslime
 34972 | Slime:2  | Killed a rockslime
 34973 | Slime:2  | Reached skill level 1 in Summonings
 34995 | Slime:2  | Reached skill level 2 in Summonings
 35081 | Slime:3  | Noticed an acid blob
 35094 | Slime:4  | Noticed an acid blob
 35112 | Slime:4  | Killed an acid blob
 35113 | Slime:4  | Reached skill level 3 in Summonings
 35210 | Slime:5  | Entered Level 5 of the Pits of Slime
 35214 | Slime:5  | Noticed an acid blob
 35227 | Slime:5  | Noticed an acid blob
 35365 | Slime:5  | Killed an acid blob
 35366 | Slime:5  | Reached skill level 4 in Summonings
 35490 | Slime:5  | Killed an acid blob
 35632 | Slime:5  | Reached skill level 5 in Summonings
 35665 | Slime:5  | Noticed an azure jelly
 35707 | Slime:5  | Killed an azure jelly
 35949 | Slime:5  | Found a viscous altar of Jiyva.
 35949 | Slime:5  | Noticed an azure jelly
 35951 | Slime:5  | Noticed an azure jelly
 35951 | Slime:5  | Noticed the Royal Jelly
 35953 | Slime:5  | Noticed an azure jelly
 35957 | Slime:5  | Noticed an acid blob
 35964 | Slime:5  | Noticed a rockslime
 35964 | Slime:5  | Noticed a rockslime
 35964 | Slime:5  | Noticed a rockslime
 35964 | Slime:5  | Noticed a rockslime
 35965 | Slime:5  | Noticed an acid blob
 35965 | Slime:5  | Noticed a rockslime
 35970 | Slime:5  | Noticed an acid blob
 35985 | Slime:5  | Killed from afar by an acid blob

Illustrated notes

Levels and vault maps discovered:
D:1:      lemuel_arrival_river_ford, layout_basic, shapermc_ecumenical_altar_gd,
          serial_bayou_ford_a, nrook_uturn, minmay_misc_feat_diagonals,
          skrybe_limestone_x
D:2:      layout_basic, basic_altar
D:3:      layout_basic, general_overflow_altar, demons_altar,
          chequers_temple_overflow_statue_of_worship, serial_shops,
          nicolae_shop_temple_entry_statues_fountains, minmay_misc_feat_chi,
          uniq_robin, uniq_ijyb, uniq_sigmund
D:4:      layout_basic, nicolae_dithmenos_through_a_glass_darkly,
          ebering_ghost_sewer_f, minmay_manual_monolith
D:5:      layout_basic, nicolae_fountain_basement
D:6:      layout_gridville, minmay_temple_entry_overgrown
D:7:      layout_cave_pools, fedhas_bush_and_centaur_altar, nrook_loot_triangle
D:8:      layout_cave_pods
D:9:      layout_gridville
D:10:     layout_loops_ring, mainiacjoe_overflow_tiny_flanked,
          gammafunk_temple_overflow_statue, erik_lair_dragon, uniq_erolcha,
          uniq_snorg
D:11:     layout_irregular_city, erik_orc_3, nicolae_trove_entry_columns,
          zin_purify
D:12:     layout_cave_pools, xom_confusion_cloud
D:13:     layout_gridville, bh_circular_ruins, uniq_sonja, uniq_frances
D:14:     layout_irregular_city, hellmonk_vaults_attempted_burglary,
          ebering_ghost_xom, drop_trap, uniq_kirke, uniq_azrael
D:15:     grunt_enter_depths_magical_seal, layout_basic,
          minmay_misc_feat_four_crosses, minmay_the_grid_2x2
          [minmay_the_grid_gridbox, minmay_the_grid_slots,
          minmay_the_grid_rooms, minmay_the_grid_prize_inner_circle],
          uniq_roxanne
Temple:   grunt_temple_mini_profane
Lair:1:   beast_lair_carwin_large_3, layout_hall_layers, basic_altar,
          minivault_19, grunt_megastairs_2, serial_bayou_shore_a
Lair:2:   layout_small_grid, nicolae_quartered_pool_little, minivault_11,
          beast_lair_carwin_5, grunt_megastairs_3
Lair:3:   layout_long_grid, nicolae_swamp_entry_splash_gauntlet,
          guppyfry_snake_entry_island, gammafunk_ghost_wrathful_warriors,
          uniq_urug
Lair:4:   layout_regular_city, basic_altar, gammafunk_ghost_abyssal_escape,
          kennysheep_rathole, grunt_megastairs_5
Lair:5:   minmay_lair_end_frog_pond, layout_gridlike, slime_entry_1
Swamp:1:  layout_basic_swamp, evilmike_swamp_ruin_house_2,
          infiniplex_staircase_pool
Snake:1:  layout_rooms, grunt_megastairs_4, uniq_louise
Snake:2:  layout_grid_maze, special_room, gammafunk_ghost_split, drop_trap,
          serial_bayou_lake_a
Snake:3:  layout_grid_shapes, serial_shops, nicolae_stop_n_shop_2, uniq_donald
Snake:4:  snake_pit, layout_misc_corridors, uniq_aizul, uniq_agnes
Slime:1:  layout_caves, cheibrodos_slime_lost_civilization_7
Slime:2:  nicolae_slime_infinislime, layout_caves
Slime:3:  layout_caves
Slime:4:  layout_caves
Slime:5:  slime_pit
Orc:1:    layout_caves, serial_shops, shop, nicolae_orc_sculptors_studio,
          nooodl_orcs_dogs
Orc:2:    st_orc_open, layout_diamond_mine, mines1_david

Skill      XL: |  1  2  3  4  5  6  7  8  9 10 11 12 13 14 15 |
---------------+----------------------------------------------+-----
Stealth        | 3 4 6 7 |  7.9
Conjurations   | 4 5 7 |  7.9
Spellcasting   | 3 4 5 6 7 |  7.9
Hexes          | 1 4 5 7 |  7.9
Translocations | 1 4 7 |  7.9
Dodging        | 5 7 |  7.9
Fighting       | 3 5 7 |  7.9
Evocations     | 3 5 7 |  7.9
Unarmed Combat | 5 7 |  7.9
Invocations    | 7 |  7.9
Transmutations | 2 7 |  7.9
Shapeshifting  | 2 6 7 |  7.9
Poison Magic   | 1 6 7 |  7.9
Air Magic      | 7 |  7.9
Earth Magic    | 2 7 |  7.9
Summonings     | 5 |  5.5

Action                     |  1- 3 |  4- 6 |  7- 9 | 10-12 | 13-15 || total
---------------------------+-------+-------+-------+-------+-------++-------
  Melee: Unarmed           |     5 |    11 |     7 |    64 |    76 ||   163
         Bite              |     1 |     1 |     1 |     4 |    11 ||    18
         Punch             |       |       |       |     2 |     3 ||     5
   Cast: Magic Dart        |    55 |    73 |    54 |   184 |   134 ||   500
         Searing Ray       |    10 |    29 |    50 |    53 |    76 ||   218
         Fulminant Prism   |       |       |    13 |    47 |    63 ||   123
         Iskenderun's Myst |       |       |       |    30 |   116 ||   146
         Teleport Other    |       |       |       |       |    13 ||    13
 Invoke: Recall Ancestor   |       |       |     2 |    13 |    44 ||    59
         Ancestor Life: Ba |       |       |     1 |       |       ||     1
         Ancestor Identity |       |       |     1 |       |       ||     1
         Transference      |       |       |       |       |     2 ||     2
         Idealise          |       |       |       |       |     2 ||     2
  Evoke: Wand              |       |       |     1 |     2 |    13 ||    16
         Lightning rod     |       |       |       |       |    11 ||    11
         Phial of floods   |       |       |       |       |     1 ||     1
    Use: Scroll            |       |     5 |     6 |     3 |    12 ||    26
         Potion            |       |     1 |       |       |     4 ||     5
   Stab: Paralysed         |       |       |     4 |       |     9 ||    13
         Sleeping          |       |       |     3 |     2 |     8 ||    13
         Distracted        |       |       |       |     4 |     3 ||     7
 Armour: Skin              |     4 |    18 |    31 |    31 |   125 ||   209
  Dodge: Dodged            |    12 |    33 |    49 |    95 |   299 ||   488
  Block: Other             |       |       |     4 |    24 |    20 ||    48
         Reflection        |       |       |     1 |     1 |       ||     2

Table legend: (Time is in decaauts)
 A = Elapsed time spent in this place.
 B = Non-inter-level travel time spent in this place.
 C = Inter-level travel time spent in this place.
 D = Time resting spent in this place.
 E = Time spent auto-exploring this place.
 F = Levels seen in this place.
 G = Mean time per level.
                   A        B        C        D        E       F      G
               +--------+--------+--------+--------+--------+-----+--------+
         Total |  32656 |  30468 |   2188 |  10166 |  13718 |  33 |  989.6 |
       Dungeon |  17544 |  16081 |   1463 |   3469 |   9616 |  15 | 1169.6 |
        Temple |     43 |      4 |     39 |      0 |      0 |   1 |   43.0 |
          Lair |   8421 |   7873 |    548 |   2651 |   3407 |   5 | 1684.2 |
         Swamp |     11 |     11 |      0 |      0 |      0 |   1 |   11.0 |
     Snake Pit |   2733 |   2721 |     12 |   1934 |      0 |   4 |  683.2 |
    Slime Pits |    978 |    978 |      0 |    709 |      0 |   5 |  195.6 |
  Orcish Mines |   2923 |   2797 |    126 |   1402 |    693 |   2 | 1461.5 |
               +--------+--------+--------+--------+--------+-----+--------+

Top non-repeatable levels by time:
    D:10: 2327 daAuts
   Orc:2: 2167 daAuts
  Lair:3: 2142 daAuts
     D:4: 1991 daAuts
  Lair:1: 1983 daAuts
    D:11: 1665 daAuts
  Lair:5: 1599 daAuts
     D:1: 1521 daAuts
     D:3: 1471 daAuts
  Lair:4: 1380 daAuts
  Lair:2: 1316 daAuts
 Snake:4: 1233 daAuts
 Snake:3: 1217 daAuts
     D:2: 1160 daAuts
     D:8: 1149 daAuts

Table legend:
 A = Kills in this place as a percentage of kills in the entire game.
 B = Kills by you in this place as a percentage of kills by you in the entire game.
 C = Kills by friends in this place as a percentage of kills by friends in the entire game.
 D = Other kills in this place as a percentage of other kills in the entire game.
 E = Experience gained in this place as a percentage of experience gained in the entire game.
 F = Experience gained in this place divided by the number of levels of this place that you have seen.
                   A       B       C       D       E      F
               +-------+-------+-------+-------+-------+----------------------
         Total | 100.0 | 100.0 | 100.0 | 100.0 | 100.0 | 4204.1
       Dungeon |  49.6 |  61.3 |  28.6 | 100.0 |  26.3 | 2430.9
          Lair |  29.3 |  21.4 |  43.6 |   0.0 |  34.3 | 9506.6
     Snake Pit |   6.2 |   7.0 |   4.8 |   0.0 |  17.6 | 6115.0
    Slime Pits |   1.8 |   1.5 |   2.2 |   0.0 |   7.9 | 2199.2
  Orcish Mines |  13.1 |   8.8 |  20.7 |   0.0 |  13.9 | 9641.5
               +-------+-------+-------+-------+-------+----------------------
